[Event "Early-Titled-Tuesday-Blitz-October-03-2023"]
[Site "Chess.com"]
[Date "2023.10.03"]
[Round "4"]
[White "Bilan_Danila"]
[Black "bylavochka"]
[Result "1-0"]
[WhiteElo "2508"]
[BlackElo "2323"]
[TimeControl "180+1"]
[EndTime "8:40:23 PDT"]
[Termination "Bilan_Danila won by checkmate"]

1. d4 Nf6 2. Nf3 g6 3. Bg5 Bg7 4. c3 d6 5. Nbd2 Nbd7 6. e4 O-O 7. Bc4 c5 8. dxc5 Nxc5 9. Qc2 Be6 10. Bxe6 Nxe6 11.
Bh4 Rc8 12. O-O Nf4 13. Rfe1 Qa5 14. Nb3 Qa6 15. Nfd4 Rc7 16. Bg3 N6h5 17. Qd2 Nxg3 18. hxg3 Nd3 19. Re3 Ne5 20. Qe2 Nc4 21. Rf3 Rfc8 22.
Qc2 b5 23. a3 Qa4 24. Rd1 Na5 25. Nxa5 Qxa5 26. Qb3 Bf6 27. g4 Qa4 28. Qxb5 Qxb5 29. Nxb5 Rb7 30. c4 Rxc4 31. Nc3 Rxb2 32. Nd5 Rxe4 33.
Rxf6 Rxg4 34. Nxe7+ Kg7 35. Rf3 Re4 36. Nd5 Ree2 37. Ne3 Red2 38. Rc1 Ra2 39. Rc7 Ra1+ 40. Kh2 Rxa3 41. Rcxf7+ Kh6 42. Kg3 Rdd3 43. R7f4 Kg5 44.
Rf8 h5 45. Rg8 h4+ 46. Kh3 d5 47. Rgf8 d4 48. Nd1 Rxf3+ 49. gxf3 Ra1 50. Nb2 a5 51.
Nd3 Ra3 52. f4+ Kh5 53. Rh8# 1-0

[Event "Early-Titled-Tuesday-Blitz-October-03-2023"]
[Site "Chess.com"]
[Date "2023.10.03"]
[Round "4"]
[White "JAN2404"]
[Black "parintele_chess"]
[Result "1-0"]
[WhiteElo "2073"]
[BlackElo "2241"]
[TimeControl "180+1"]
[EndTime "8:40:23 PDT"]
[Termination "JAN2404 won by resignation"]

1. e4 c5 2. Nf3 Nf6 3. Nc3 d5 4.
exd5 Nxd5 5. Bb5+ Bd7 6. Bxd7+ Qxd7 7. O-O Nc6 8. d3 e6 9. Re1 Be7 10. Bd2 O-O 11. h3 Rad8 12. Qe2 h6 13. a4 Ndb4 14. Be3 Nd4 15. Bxd4 cxd4 16. Ne4 Rc8 17. Rec1 Qd5 18. Nfd2 Rxc2 19. Rxc2 Nxc2 20. Rc1 Nb4 21. Rc4 a6 22. Nb3 b5 23. axb5 axb5 24. Rxb4 Bxb4 25. Nbd2 Rc8 26.
Qg4 f5 27. Nf6+ Kf7 28. Nxd5 fxg4 29. Nxb4 gxh3 30. gxh3 Rc1+ 31. Kg2 Rb1 32. b3 Rb2 33. Ne4 Rxb3 34. Nc6 b4 35. Nc5 Rb1 36. Nxd4 Rc1 37. Ndxe6 b3 38. Nxb3 Rc3 39. Nbc5 Rc2 40. d4 Rd2 41.
Kf3 Kf6 42. Ke4 Rxf2 43. d5 Rh2 44. d6 Rxh3 45. d7 Rh4+ 46. Kd5 Rh5+ 47. Kc6 Rxc5+ 48.
Kxc5 Ke7 49. d8=Q+ Kxe6 50. Qh4 Kf5 51. Kd4 1-0

[Event "Early-Titled-Tuesday-Blitz-October-03-2023"]
[Site "Chess.com"]
[Date "2023.10.03"]
[Round "4"]
[White "Defenstrator"]
[Black "ozates"]
[Result "0-1"]
[WhiteElo "2442"]
[BlackElo "2631"]
[TimeControl "180+1"]
[EndTime "8:40:24 PDT"]
[Termination "ozates won by checkmate"]

1. d4 Nf6 2. Bg5 Ne4 3. Bc1 c5 4. f3 Nf6 5. d5 e6 6. c4 b5 7. e4 bxc4 8. Nc3 d6 9. Bxc4 Be7 10. Nh3 O-O 11. dxe6 Bxe6 12. Bxe6 fxe6 13. Qb3 Qd7 14. Nf4 Kf7 15. g4 Nc6 16. g5 Nd4 17. Qd1 Ne8 18.
Be3 Kg8 19. h4 Nc7 20. Bxd4 cxd4 21. Nce2 e5 22. Qb3+ Kh8 23. Ng6+ hxg6 24. h5 Qe6 25. hxg6+ Kg8 26. Qc2 Rac8 27. Nxd4 Qxg6 28. Nf5 Bxg5 29. Qh2 Bh6 30. Ne7+ Kh7 31. Nxg6 Kxg6 32. Qh5+ Kh7 33.
Rg1 Rf6 34. Rd1 Nb5 35. Qg4 Rc2 36. Qd7 Nd4 37. Rxd4 exd4 38. Rg2 Rxg2 39. e5 Rxf3 40.
e6 d3 41. e7 d2+ 42. Kd1 Rf1+ 43. Kc2 d1=Q+ 44. Kc3 Rc2+ 45. Kb3 Rf3+ 46. Kb4 Qd4+ 47. Kb5 Qb6+ 48. Ka4 Rc4+ 49. b4 Rxb4# 0-1

[Event "Early-Titled-Tuesday-Blitz-October-03-2023"]
[Site "Chess.com"]
[Date "2023.10.03"]
[Round "4"]
[White "IsuruAlahakoon"]
[Black "Mr_Lion22"]
[Result "0-1"]
[WhiteElo "2304"]
[BlackElo "2498"]
[TimeControl "180+1"]
[EndTime "8:40:25 PDT"]
[Termination "Mr_Lion22 won by resignation"]

1. Nf3 d5 2. e3 c6 3. c4 Nf6 4. Nc3 g6 5. d4 Bg7 6. Be2 O-O 7.
O-O Bf5 8. h3 Nbd7 9. cxd5 cxd5 10. Qb3 Nb6 11. a4 a5 12. Bd2 Ne4 13. Nxe4 dxe4 14. Nh2 e5 15. Rfd1 exd4 16. exd4 Be6 17. Qb5 Nd5 18. Ng4 Bxd4 19. Bh6 Bg7 20. Bxg7 Kxg7 21.
Bc4 h5 22. Bxd5 Bd7 23. Bxb7 Bxb5 24. Rxd8 Raxd8 25. axb5 hxg4 26. hxg4 Rd2 27. Bxe4 Rxb2 28. Rxa5 Rd8 29. g5 Rd1+ 30. Kh2 Rxf2 31. b6 Rb2 32. b7 Rdd2 33. Re5 Re2 34. Re7 Kf8 35. Re5 Rxb7 36.
Kg3 Re7 37. Rxe7 Kxe7 38. Bf3 Rb2 39. Kf4 Rb4+ 40. Ke3 Ke6 41. Kd3 Ke5 42. Kc3 Rb6 43. Kd3 Rd6+ 44. Ke3 Kf5 45. Be4+ Kxg5 46. Bf3 f5 0-1

[Event "Early-Titled-Tuesday-Blitz-October-03-2023"]
[Site "Chess.com"]
[Date "2023.10.03"]
[Round "4"]
[White "ChesscularGodofchess"]
[Black "Der_Balak_3Halak"]
[Result "1-0"]
[WhiteElo "2188"]
[BlackElo "2323"]
[TimeControl "180+1"]
[EndTime "8:40:25 PDT"]
[Termination "ChesscularGodofchess won by checkmate"]

1. d4 e6 2. Nf3 d5 3. Bg5 Be7 4. h4 Nf6 5. e3 c5 6. c3 Nc6 7. Nbd2 b6 8. Ne5 Nxe5 9. dxe5 Nd7 10. Nf3 Bb7 11. Bd3 Nf8 12. Qa4+ Nd7 13. Qg4 h5 14. Qg3 g6 15. Rd1 Rg8 16. Qf4 Bxg5 17. Nxg5 Qe7 18. e4 O-O-O 19. O-O Rdf8 20. exd5 exd5 21.
Rfe1 c4 22. Bc2 Nc5 23. Qf6 Kd7 24. b4 Qxf6 25. exf6 Ne6 26. Ba4+ Kd6 27. Ne4+ Kc7 28. Ng5 Kd6 29. g3 Bc8 30. f4 Bd7 31. Bxd7 Kxd7 32. Rxd5+ Kc6 33. Rde5 Nxg5 34. hxg5 Rd8 35. Re7 Rd2 36.
Rxf7 Rgd8 37. Rfe7 Rxa2 38. R7e2 Rdd2 39. Rxd2 Rxd2 40. f7 Rd8 41. Re8 Rd1+ 42. Kh2 Rd2+ 43. Kh3 Rd1 44. f8=Q Rh1+ 45. Kg2 Rc1 46. Qf6+ Kb5 47.
Re5+ Ka4 48. Qc6+ Kb3 49. Re3 Rc2+ 50. Kh3 Rc1 51. Qe6 Rh1+ 52. Kg2 Rc1 53. Kf3 Rc2 54. Re2 Rxc3+ 55. Kg2 Rc1 56. Qe3+ c3 57. Qe6+ Ka3 58. Ra2+ Kxb4 59. Qe4+ Kb3 60. Qa4# 1-0

[Event "Early-Titled-Tuesday-Blitz-October-03-2023"]
[Site "Chess.com"]
[Date "2023.10.03"]
[Round "4"]
[White "Galileo22"]
[Black "Gentlejimmy7"]
[Result "1-0"]
[WhiteElo "2672"]
[BlackElo "2506"]
[TimeControl "180+1"]
[EndTime "8:40:28 PDT"]
[Termination "Galileo22 won by checkmate"]

1. Nf3 f5 2. b3 Nf6 3. Bb2 g6 4. g3 Bg7 5. Bg2 O-O 6. O-O d6 7. d4 c6 8. c4 a5 9. Nc3 Nbd7 10. Qc2 e5 11. Ba3 Qc7 12. dxe5 dxe5 13. Bxf8 Nxf8 14. Rad1 Ne6 15. e3 Bd7 16. Qd2 Bf8 17. Qb2 Bg7 18. a3 Be8 19. b4 a4 20. c5 Bf7 21.
Rd2 h6 22. Rfd1 g5 23. Rd6 e4 24. Ne5 Nd8 25. Nxf7 Nxf7 26. Qa2 Kf8 27. R6d2 Ne5 28. Qe6 Re8 29. Qxf5 Kg8 30. Nxe4 Nd5 31. Nd6 Rf8 32. Qe6+ Kh8 33. Rxd5 cxd5 34. Bxd5 b6 35. f4 gxf4 36. gxf4 bxc5 37. fxe5 cxb4 38. Nf7+ Rxf7 39. Qxf7 Qxf7 40.
Bxf7 bxa3 41. Ba2 Bxe5 42. h3 Kg7 43. e4 Kf6 44. Kg2 Bb2 45. Rd5 Ke6 46. Ra5+ Kf6 47. Rxa4 h5 48. Kf3 h4 49. Ra5 Bc3 50. Rh5 Bb2 51.
Rxh4 Kg5 52. Rg4+ Kh5 53. Rf4 Kh6 54. Rf5 Bc1 55. e5 Bb2 56. e6 Kg6 57. Rf4 Bf6 58. Ra4 Be7 59. Kg4 Kf6 60. h4 Ke5 61. h5 Kf6 62. h6 Kg6 63. Ra7 Bc5 64. e7 Bxa7 65. e8=Q+ Kxh6 66. Qh5+ Kg7 67. Qf7+ Kh6 68. Qf8+ Kg6 69.
Bb1# 1-0

[Event "Early-Titled-Tuesday-Blitz-October-03-2023"]
[Site "Chess.com"]
[Date "2023.10.03"]
[Round "4"]
[White "Rap_woyska"]
[Black "GianmarcoVaR"]
[Result "1/2-1/2"]
[WhiteElo "2492"]
[BlackElo "2649"]
[TimeControl "180+1"]
[EndTime "8:40:31 PDT"]
[Termination "Game drawn by repetition"]

1. c4 e6 2. Nf3 d5 3. g3 Nf6 4.
Bg2 Be7 5. O-O O-O 6. d4 c6 7.
Nbd2 b6 8. Qc2 Nbd7 9. e4 dxc4 10. Nxc4 Bb7 11. Rd1 c5 12. d5 exd5 13. exd5 Bxd5 14. Bf4 Qc8 15. Rxd5 Nxd5 16. Ng5 Bxg5 17. Bxg5 N7f6 18. Rd1 Rd8 19. Bxf6 Nxf6 20. Rxd8+ Qxd8 21. Bxa8 Qxa8 22. Qf5 h6 23. Nd6 Qd8 24. Qe5 Qd7 25. h4 Qh3 26. Qe7 Qd7 27. Qe5 Nh7 28. a4 Nf8 29. a5 Ne6 30. axb6 axb6 31. Nc4 Qd1+ 32. Kg2 Qd8 33. b3 b5 34. Ne3 Qa8+ 35. Kg1 Qc6 36. h5 c4 37. bxc4 bxc4 38. Qc3 Qc5 39. g4 Qg5 40.
Qxc4 Nf4 41. Qe4 Ne6 42. Kg2 Nf4+ 43. Kf3 Ne6 44. Qa8+ Kh7 45. Qe4+ Kg8 46. Nf5 Qd8 47.
Kg2 Qf8 48. Ng3 Qd8 49. Nf5 Qg5 50. Ne3 Nf4+ 51. Kf3 Ne6 1/2-1/2

[Event "Early-Titled-Tuesday-Blitz-October-03-2023"]
[Site "Chess.com"]
[Date "2023.10.03"]
[Round "4"]
[White "Indianlad"]
[Black "blitzking1729"]
[Result "1-0"]
[WhiteElo "3031"]
[BlackElo "2732"]
[TimeControl "180+1"]
[EndTime "8:40:32 PDT"]
[Termination "Indianlad won by resignation"]

1. b3 e5 2. Bb2 d6 3. g3 Nc6 4.
Bg2 g6 5. c4 Bg7 6. Nc3 Nge7 7.
e3 O-O 8. Nge2 f5 9. O-O Kh8 10.
d4 exd4 11. exd4 f4 12. Nxf4 Nxd4 13. Re1 Nec6 14. Rb1 Bf5 15. Ne4 a5 16. Nd5 Qd7 17. Nef6 Qd8 18. Bxd4 Nxd4 19. Ne4 Qd7 20. Ne3 Bh3 21.
Bxh3 Qxh3 22. f4 Rae8 23. Ng5 Qd7 24. Nf3 c5 25. Kg2 Qc6 26. Nd5 Rxe1 27. Qxe1 Nxf3 28. Kxf3 Re8 29. Qxa5 Qd7 30. Re1 Rf8 31. Qd2 Qh3 32. Qg2 Qh5+ 33. g4 Qh4 34. Qf2 Qh6 35. h4 Bd4 36. Qg3 Qg7 37. g5 b5 38. Qg4 bxc4 39.
bxc4 Qa7 40. Re2 Qa3+ 41. Kg2 Qd3 42. Nb6 Qb1 43. Nd7 Rf7 44. Kh2 Qb7 45. Re8+ Kg7 46. h5 gxh5 47. Qxh5 Qb2+ 48. Re2 Qxe2+ 49. Qxe2 Rxd7 50.
Qe6 Rf7 51. f5 Be5+ 52. Kh3 Kg8 53. Kg4 Kf8 54. a4 Ra7 55. a5 Rxa5 56. Qc8+ 1-0

[Event "Early-Titled-Tuesday-Blitz-October-03-2023"]
[Site "Chess.com"]
[Date "2023.10.03"]
[Round "4"]
[White "ivana_999"]
[Black "Byniolus"]
[Result "0-1"]
[WhiteElo "2056"]
[BlackElo "2753"]
[TimeControl "180+1"]
[EndTime "8:40:33 PDT"]
[Termination "Byniolus won by checkmate"]

1. d4 d6 2. c4 e5 3. dxe5 dxe5 4.
Qxd8+ Kxd8 5. Nf3 f6 6. Nc3 Be6 7. e4 c6 8. Be3 Kc7 9. O-O-O Nd7 10. Be2 b6 11. Rd2 Bc5 12. Bxc5 Nxc5 13. Rhd1 a5 14.
h3 Ne7 15. Nh4 g5 16. Nf3 Ng6 17. g3 Bxh3 18. Nh2 h5 19. g4 Nf4 20. f3 hxg4 21. Nxg4 Bxg4 22. fxg4 Rad8 23. Rxd8 Rxd8 24. Rxd8 Kxd8 25. Kd2 Ke7 26. Ke3 Kd6 27. a3 Nb3 28. Na4 Nd4 29. Bd1 Kc7 30. Nc3 Nfe6 31. Ne2 Nxe2 32. Bxe2 Kd6 33. Bd1 Kc5 34. Kd3 b5 35. cxb5 cxb5 36. Kc3 b4+ 37. Kd3 bxa3 38. bxa3 Kb5 39.
Kc3 Nc5 40. Bc2 Kb6 41. Kc4 Kc6 42. a4 Nb7 43. Bd3 Nd6+ 44. Kc3 Kc5 45. Bc2 Nc4 46. Kd3 Nb6 47. Kc3 Nc4 48. Kd3 Kb4 49. Bd1 Nb2+ 50. Kd2 Nxd1 51. Kxd1 Kxa4 52. Kc2 Kb4 53. Kb2 Kc4 54.
Ka3 Kd4 55. Ka4 Kxe4 56. Kxa5 Kf4 57. Kb5 Kxg4 58. Kc5 f5 59. Kd5 e4 60. Ke6 Kf4 61.
Kf6 g4 62. Kg6 g3 63. Kh5 Kf3 64. Kg5 f4 65. Kg6 e3 66. Kf6 e2 67. Kf5 g2 68.
Kf6 Kf2 69. Kf5 f3 70. Kf6 Ke3 71. Kf5 f2 72. Kf6 Kd2 73. Kf5 f1=Q+ 74. Kg5 g1=Q+ 75. Kh5 e1=Q 76. Kh6 Qh4# 0-1

[Event "Early-Titled-Tuesday-Blitz-October-03-2023"]
[Site "Chess.com"]
[Date "2023.10.03"]
[Round "4"]
[White "Rutricks"]
[Black "Tssunami"]
[Result "1-0"]
[WhiteElo "2668"]
[BlackElo "2394"]
[TimeControl "180+1"]
[EndTime "8:40:33 PDT"]
[Termination "Rutricks won on time"]

1. Nf3 d5 2. c4 c6 3. b4 Nf6 4. Bb2 g6 5. cxd5 cxd5 6. g3 Bg7 7. Bg2 O-O 8. O-O a5 9. b5 Nbd7 10. a4 Re8 11. d4 Ne4 12. Qb3 Nb6 13. Na3 Bg4 14.
Rfc1 Rc8 15. h3 Bxf3 16. Bxf3 Rxc1+ 17. Rxc1 Nd2 18. Qd1 Ndc4 19. Nxc4 Nxc4 20. Bc3 e6 21. e4 Qd7 22. Kg2 Rc8 23. Qe2 b6 24. exd5 exd5 25.
Re1 Bf8 26. h4 Bb4 27. Bxb4 axb4 28. Rb1 Qd6 29. Qe1 Qf6 30. Bxd5 Qxd4 31. Bc6 Ne5 32.
Rxb4 Qd6 33. Re4 Nxc6 34. Re8+ Kg7 35. Rxc8 Qd5+ 36. Kg1 Ne5 37. Rc3 f6 38. Qe2 Qd4 39. Rc7+ Kh8 40. Rc8+ Kg7 41. Rc7+ Kh8 42. Rc1 Kg7 43.
Kg2 Qd5+ 44. f3 h5 45. Rc7+ Kg8 46. Rc3 Kg7 47. Rc2 Qd6 48. Qe4 Qd7 49. Re2 1-0

[Event "Early-Titled-Tuesday-Blitz-October-03-2023"]
[Site "Chess.com"]
[Date "2023.10.03"]
[Round "4"]
[White "AlexandraSamaganova"]
[Black "Road2GM3000"]
[Result "1-0"]
[WhiteElo "2226"]
[BlackElo "2349"]
[TimeControl "180+1"]
[EndTime "8:40:33 PDT"]
[Termination "AlexandraSamaganova won by resignation"]

1. c4 c5 2. Nc3 d6 3. g3 g6 4. Bg2 Bg7 5. e3 e5 6. Nge2 Ne7 7. O-O O-O 8. h3 Nbc6 9. d3 f5 10. a3 Be6 11. Nd5 Qd7 12. Kh2 e4 13. Nec3 exd3 14.
Qxd3 Ne5 15. Qe2 Rae8 16. Rd1 N7c6 17. Bd2 Kh8 18. Rac1 f4 19. gxf4 Nf7 20. b4 Nh6 21.
Qf1 Qd8 22. Bf3 Qh4 23. Qg2 Ne7 24. Nc7 Nef5 25. Nxe8 Rxe8 26. Nd5 Rf8 27. Bc3 Bxc3 28. Rxc3 Nf7 29. Nc7 Bc8 30. Bd5 Qh6 31. Be6 Nh4 32.
Qg3 Nf5 33. Bxf5 Bxf5 34. Nd5 Nd8 35. f3 Bc8 36. e4 Ne6 37. f5 Ng5 38. f4 Nf7 39.
Qe3 gxf5 40. exf5 Bxf5 41. Rg1 Nd8 42. Rb3 Ne6 43. Qc3+ Nd4 44. Rb2 Be6 45. Rbg2 Bxd5 46. cxd5 Qf6 47. bxc5 Qxf4+ 48. Qg3 Qxg3+ 49. Rxg3 dxc5 50. Kh1 Rd8 51. d6 b5 52. d7 h6 53. Re3 Nc6 54.
Re8+ Kh7 55. Rxd8 Nxd8 56. Re1 c4 57. Re8 Nc6 58. Rc8 c3 59. Rxc6 c2 1-0

[Event "Early-Titled-Tuesday-Blitz-October-03-2023"]
[Site "Chess.com"]
[Date "2023.10.03"]
[Round "4"]
[White "temiksmozg"]
[Black "LaPiToB"]
[Result "1-0"]
[WhiteElo "2612"]
[BlackElo "2292"]
[TimeControl "180+1"]
[EndTime "8:40:34 PDT"]
[Termination "temiksmozg won on time"]

1. d4 Nf6 2. c4 e6 3. Nf3 d5 4. Nc3 c5 5. e3 Nc6 6. Be2 dxc4 7. Bxc4 a6 8. O-O b5 9. Be2 Bb7 10. Qc2 c4 11. a4 b4 12. Nb1 Na5 13. Nbd2 Rc8 14.
Nxc4 Be4 15. Qd1 Nxc4 16. b3 Na5 17. Bxa6 Rb8 18. Ne5 Bd6 19. Bb5+ Ke7 20. Nc4 Bd5 21. f3 Qc7 22. Nxd6 Qxd6 23. e4 Bxb3 24. e5 Bxd1 25.
exd6+ Kxd6 26. Bf4+ Kd5 27. Bxb8 Rxb8 28. Rfxd1 b3 29.
Rac1 Rb6 30. Kf2 Kd6 31. Rd2 Nd5 32. g3 Nb4 33. Ke2 g5 34. Ke3 h5 35. f4 Nd5+ 36.
Kf3 g4+ 37. Kf2 f5 38. Rb2 Nf6 39. Ke2 Ne4 40. Kd3 Kd5 41. Bc4+ Nxc4 42. Rxc4 Kd6 43.
Rc1 Rb4 44. Rcb1 Kd5 45. Rxb3 Rxd4+ 46. Ke3 Nc5 47. Rb5 Rd3+ 48. Ke2 Ra3 49. Rc1 Ra2+ 50. Kf1 Ke4 51. Rbxc5 Rxh2 52. R5c4+ Kd5 53. R4c3 Ra2 54. Rd1+ Ke4 55. Re1+ Kd4 56. Rce3 1-0

[Event "Early-Titled-Tuesday-Blitz-October-03-2023"]
[Site "Chess.com"]
[Date "2023.10.03"]
[Round "4"]
[White "NovoselovRoman"]
[Black "Elsa167"]
[Result "1-0"]
[WhiteElo "2610"]
[BlackElo "2898"]
[TimeControl "180+1"]
[EndTime "8:40:35 PDT"]
[Termination "NovoselovRoman won on time"]

1. e4 c5 2. Nc3 d6 3. g3 g6 4. Bg2 Bg7 5. d3 Nc6 6. Be3 Nd4 7. Nf3 Bg4 8. h3 Bxf3 9. Bxf3 e6 10. Bg2 Ne7 11. O-O Rb8 12. a4 O-O 13. Qd2 a6 14. Rac1 b5 15. axb5 axb5 16. Bh6 b4 17. Bxg7 Kxg7 18. Nd1 e5 19. Ne3 Ra8 20. Ra1 Qd7 21. Nc4 Qc7 22. f4 f6 23. fxe5 dxe5 24. Qf2 Rxa1 25. Rxa1 Nec6 26. Ra6 f5 27. exf5 Rxf5 28. Qe3 Nxc2 29. Qxc5 e4 30. Qxc6 Qxg3 31. Qxe4 Ne1 32. Ra7+ Kh6 33. Qe3+ Rg5 34. Qxg3 Rxg3 35. Kf2 Rxg2+ 36.
Kxe1 Rg3 37. Ke2 Rxh3 38. d4 Kg5 39. Ne3 Kf4 40. Nf1 Ke4 41. Rd7 g5 42. Nd2+ Kf5 43.
d5 g4 44. Re7 Rh6 45. Nc4 Rh2+ 46. Ke3 g3 47. Kf3 Rc2 48. Ne3+ Kf6 49. Re6+ 1-0

[Event "Early-Titled-Tuesday-Blitz-October-03-2023"]
[Site "Chess.com"]
[Date "2023.10.03"]
[Round "4"]
[White "i_like_explosions"]
[Black "Verony64"]
[Result "1-0"]
[WhiteElo "2394"]
[BlackElo "2234"]
[TimeControl "180+1"]
[EndTime "8:40:37 PDT"]
[Termination "i_like_explosions won on time"]

1. d4 d6 2. c4 c6 3. Nc3 Nd7 4. e4 e5 5. Nf3 Be7 6. Be2 Ngf6 7. Be3 O-O 8. Qc2 Qc7 9. h3 Re8 10. O-O Bf8 11. b4 g6 12. a4 Bg7 13. Bd3 Nf8 14. Qb3 Nh5 15. d5 Nf4 16. Rfd1 Qe7 17. Bf1 Qf6 18. Bxf4 exf4 19. Rac1 g5 20. c5 g4 21.
hxg4 Bxg4 22. Rd3 Ng6 23. dxc6 bxc6 24. Rxd6 Re6 25. Rcd1 Ne5 26. Be2 Nxf3+ 27. gxf3 Bh3 28. Bf1 Bxf1 29. Kxf1 Qxc3 30. Qxc3 Bxc3 31. b5 Rc8 32. Rxe6 fxe6 33. b6 axb6 34. cxb6 Rb8 35. Rb1 Rb7 36. Ke2 Ba5 37. Rd1 Kf7 38. Rh1 Kf6 39. Rh6+ Ke5 40.
Rh5+ Kd4 41. Rxa5 Rxb6 42. Ra8 Rb2+ 43. Kf1 c5 44. a5 c4 45. a6 Kc3 46. a7 Ra2 47. Kg2 Kc2 48. Rc8 Rxa7 49. Rxc4+ Kd3 50. Rc6 Re7 51. Kf1 Kd4 52. Ra6 Ke5 53. Ra5+ Kf6 54. Kg2 Kg6 55. Kh2 e5 56. Ra6+ Kg5 57. Ra8 h6 58.
Rg8+ Kh5 59. Rf8 Kg5 60. Rf5+ Kg6 61. Kh3 Re6 62. Rf8 Kg5 63. Rg8+ Kh5 64. Ra8 Re7 65. Ra6 Re8 66. Rf6 Re7 67. Rf5+ Kg6 68. Kg4 Re6 69.
Rf8 Re7 70. Rg8+ Kh7 71. Ra8 Kg6 72. Kh4 Re6 73. Ra5 Kg7 74. Kh5 Kf7 75. Ra7+ Kg8 76. Rd7 Kh8 77. Kg4 Kg8 78. Kf5 Re8 79. Rd5 h5 80. Rxe5 Rf8+ 81. Kg5 1-0

[Event "Early-Titled-Tuesday-Blitz-October-03-2023"]
[Site "Chess.com"]
[Date "2023.10.03"]
[Round "4"]
[White "Iball95"]
[Black "shimastream"]
[Result "0-1"]
[WhiteElo "2766"]
[BlackElo "2968"]
[TimeControl "180+1"]
[EndTime "8:40:41 PDT"]
[Termination "shimastream won by resignation"]

1. e4 c5 2. Nf3 e6 3. Nc3 a6 4. d4 cxd4 5. Nxd4 Qc7 6. Bd3 Bc5 7. Nb3 Be7 8. O-O Nf6 9. Re1 d6 10. a4 b6 11. Qf3 Bb7 12. Qg3 O-O 13. Bh6 Ne8 14. Rad1 Nd7 15. h4 Kh8 16. Bg5 Nef6 17. Nd2 Rac8 18. Nc4 Ne5 19. Nxe5 dxe5 20. Nb1 h6 21.
Bd2 Nh5 22. Qg4 Nf4 23. Bxf4 exf4 24. e5 f3 25. g3 Rfd8 26. Nd2 Rd5 27. Nxf3 Rd7 28.
c3 Rcd8 29. Be2 Qc6 30. Qf4 Kg8 31. Rxd7 Rxd7 32. Rd1 Rxd1+ 33. Bxd1 Qd5 34. Qd4 Qc6 35. Kh2 Kf8 36. Be2 Ke8 37. Kg1 Bc5 38. Qg4 Kf8 39. Kg2 Qd5 40. Qf4 Qb3 41. Qd2 Qxa4 42. b4 Be7 43. g4 Qc6 44. Kg3 a5 45. bxa5 bxa5 46.
Qd4 a4 47. Qa7 a3 48. g5 h5 49. Kf4 Qe4+ 50. Kg3 g6 51. Bd1 Qg4+ 52. Kh2 Bxf3 53. Qa8+ Bxa8 54. Bxg4 hxg4 55. h5 a2 56. h6 a1=Q 0-1

[Event "Early-Titled-Tuesday-Blitz-October-03-2023"]
[Site "Chess.com"]
[Date "2023.10.03"]
[Round "4"]
[White "viktorskliarov"]
[Black "Caroexpert"]
[Result "0-1"]
[WhiteElo "2644"]
[BlackElo "2502"]
[TimeControl "180+1"]
[EndTime "8:40:41 PDT"]
[Termination "Caroexpert won by resignation"]

1. e4 c6 2. d4 d5 3. e5 Bf5 4. Nf3 e6 5. Be2 c5 6. Be3 cxd4 7. Nxd4 Ne7 8. c4 Nbc6 9. cxd5 Nxd5 10. Nxf5 exf5 11.
Bf3 Nxe3 12. Qxd8+ Rxd8 13. Bxc6+ bxc6 14. fxe3 Rd5 15. Nd2 Rxe5 16. Nc4 Re4 17. b3 f4 18. Kd2 fxe3+ 19.
Nxe3 Bc5 20. Nc4 O-O 21. Rad1 Rfe8 22. Kd3 f5 23. Rhf1 g6 24. Kc3 Bf8 25. Rd7 c5 26. Rf2 Bg7+ 27. Kc2 Re2+ 28. Rxe2 Rxe2+ 29. Rd2 Re1 30. Rd8+ Kf7 31. Rd7+ Kf8 32. Nd6 Re2+ 33. Kd3 Rxg2 34.
Rf7+ Kg8 35. Rxa7 Rxh2 36. a4 f4 37. Ke4 g5 38. a5 Re2+ 39. Kf3 Re3+ 40. Kg4 Rg3+ 41.
Kf5 f3 42. Ne4 Rg2 43. Ra8+ Bf8 44. Nf6+ Kf7 45. Ra7+ Be7 46. Nd5 f2 47. Rxe7+ Kf8 48. Ne3 f1=Q+ 49. Nxf1 Kxe7 50. a6 Ra2 51. Kxg5 Rxa6 52.
Ne3 Kd6 53. Nc4+ Kc6 54. Kh6 Kb5+ 55. Kxh7 Kb4 56. Nd2 Rd6 57. Ne4 Rd5 58. Kg6 Kxb3 0-1

[Event "Early-Titled-Tuesday-Blitz-October-03-2023"]
[Site "Chess.com"]
[Date "2023.10.03"]
[Round "4"]
[White "MatthewG-p4p"]
[Black "Doomfist26"]
[Result "1-0"]
[WhiteElo "2830"]
[BlackElo "2579"]
[TimeControl "180+1"]
[EndTime "8:40:42 PDT"]
[Termination "MatthewG-p4p won by resignation"]

1. e4 c5 2. c3 Nf6 3. e5 Nd5 4. Nf3 Nc6 5. Bc4 Nb6 6. Bb3 d5 7.
exd6 Qxd6 8. O-O Be6 9. Bxe6 Qxe6 10. a4 Qd7 11. a5 Nd5 12. d4 e6 13. a6 b6 14. Qa4 cxd4 15. Nxd4 Nxd4 16. Qxd4 Rd8 17. Nd2 Nf6 18. Qh4 Be7 19. Nc4 O-O 20. Qg3 Qd3 21.
Qxd3 Rxd3 22. Be3 Rc8 23. Ne5 Rd5 24. Bd4 Bc5 25. Bxc5 Rcxc5 26. Nf3 e5 27. Rfe1 Nd7 28. Kf1 f6 29. Ke2 Kf7 30. Nd2 Nb8 31. Nb3 Rc8 32.
Red1 Rcd8 33. Rxd5 Rxd5 34. Nd2 Ke6 35. Nc4 f5 36.
Nxb6 Rb5 37. Nc4 Rc5 38. Kd3 e4+ 39. Kd4 Rd5+ 40. Ke3 Rc5 41. Nd2 Rc6 42. Nb3 Kf6 43.
Rd1 Rb6 44. Nc5 Nxa6 45. Nd7+ Ke6 46. Nxb6 axb6 47. b4 Nc7 48. c4 g5 49. f4 h6 50.
g3 b5 51. Kd4 bxc4 52. Kxc4 gxf4 53. gxf4 h5 54. b5 Ne8 55. b6 Nd6+ 56. Kc5 Nb7+ 57. Kc6 Na5+ 58. Kc7 Kf6 59. b7 Nxb7 60. Kxb7 Kg6 61.
h4 Kf6 62. Kc6 1-0

[Event "Early-Titled-Tuesday-Blitz-October-03-2023"]
[Site "Chess.com"]
[Date "2023.10.03"]
[Round "4"]
[White "Giorno"]
[Black "FMVolodymyrSakun"]
[Result "1/2-1/2"]
[WhiteElo "2513"]
[BlackElo "2659"]
[TimeControl "180+1"]
[EndTime "8:40:42 PDT"]
[Termination "Game drawn - insufficient material"]

1. d4 e6 2. Nf3 d5 3. Bf4 Nf6 4. e3 c5 5. Nbd2 Nc6 6. c3 Bd6 7. Bg3 O-O 8. Bd3 b6 9. O-O Bxg3 10. hxg3 Bb7 11. Qe2 Re8 12. dxc5 bxc5 13. e4 Nd7 14.
Rfe1 c4 15. Bc2 Nc5 16. b4 cxb3 17. axb3 dxe4 18. Nxe4 Nxe4 19. Qxe4 g6 20. Ne5 Qd6 21. Nc4 Qc7 22. Qh4 Rad8 23. Qf6 Qe7 24. Qxe7 Rxe7 25.
Red1 Red7 26. Rxd7 Rxd7 27. Kf1 Kf8 28. Ke2 Ke7 29.
g4 Kf6 30. g3 e5 31. f4 exf4 32. gxf4 h6 33. b4 a6 34. Na5 Nxa5 35. Rxa5 Rd6 36. g5+ hxg5 37. fxg5+ Ke7 38. Bd3 f5 39. gxf6+ Kxf6 40. Ke3 Bc8 41. c4 g5 42. c5 Re6+ 43. Kd4 g4 44. Bc4 Re1 45. Bxa6 Bf5 46. Bb7 g3 47. Ra2 Rd1+ 48. Ke3 Rb1 49. Kf3 Rb3+ 50. Kg2 Ke5 51. Bf3 Kf4 52. Bd5 Rxb4 53. c6 Be4+ 54. Bxe4 Rxe4 55.
Rc2 Re8 56. c7 Rc8 57. Rc3 Ke5 58. Kxg3 Kd6 59. Kf3 Rxc7 60. Rxc7 Kxc7 1/2-1/2

[Event "Early-Titled-Tuesday-Blitz-October-03-2023"]
[Site "Chess.com"]
[Date "2023.10.03"]
[Round "4"]
[White "CristianS27"]
[Black "PeshkaCh"]
[Result "0-1"]
[WhiteElo "2502"]
[BlackElo "2787"]
[TimeControl "180+1"]
[EndTime "8:40:42 PDT"]
[Termination "PeshkaCh won on time"]

1. e4 c5 2. Nf3 Nc6 3. d4 cxd4 4. Nxd4 g6 5. Nc3 Bg7 6. Be3 Nf6 7. Bc4 O-O 8. Bb3 Re8 9. O-O e6 10. Ndb5 d5 11. exd5 exd5 12. Nxd5 Nxd5 13. Qxd5 Be6 14. Qxd8 Raxd8 15. Nc7 Bxb3 16. Nxe8 Bc4 17. Nxg7 Bxf1 18. Kxf1 Kxg7 19. Ke2 Kf6 20. Rd1 Rxd1 21. Kxd1 a6 22. Ke2 Ke6 23. Kd3 Nb4+ 24. Kc3 Nd5+ 25. Kd4 Nb4 26. c3 Nc6+ 27. Kc5 Kd7 28. Kb6 Kc8 29.
a4 Ne5 30. b3 Nd7+ 31. Ka5 Kc7 32. Kb4 Kd6 33. Bf4+ Kd5 34. c4+ Kc6 35. Kc3 Nc5 36. f3 a5 37. Be3 Ne6 38. b4 axb4+ 39. Kxb4 b6 40. Kc3 f5 41. g4 Kc7 42. gxf5 gxf5 43.
c5 bxc5 44. Kc4 Kc6 45. a5 f4 46. Bf2 Ng5 47. Bxc5 Nxf3 48. a6 Nxh2 49. Bd6 f3 50. Bg3 Ng4 51. Kd3 f2 52. Bxf2 Nxf2+ 53. Ke2 Ng4 54. Kf3 h5 55. Kf4 Nf6 56. Kf5 Kb6 57. Kxf6 h4 58. Kg5 h3 59. Kh4 h2 60. a7 h1=Q+ 0-1

[Event "Early-Titled-Tuesday-Blitz-October-03-2023"]
[Site "Chess.com"]
[Date "2023.10.03"]
[Round "4"]
[White "masnyszachistaaa"]
[Black "ViktoriyaTarasova"]
[Result "0-1"]
[WhiteElo "2555"]
[BlackElo "2391"]
[TimeControl "180+1"]
[EndTime "8:40:42 PDT"]
[Termination "ViktoriyaTarasova won by resignation"]

1. e4 e5 2. Nf3 Nc6 3. d4 exd4 4. Bc4 Bc5 5. c3 Nf6 6. e5 d5 7. Bb5 Ne4 8. cxd4 Bb6 9. O-O O-O 10. Nc3 Ne7 11. Qc2 f5 12. exf6 Nxf6 13. Re1 Bf5 14. Bd3 Bxd3 15. Qxd3 Ng6 16. Ng5 Qd7 17. Bd2 Rfe8 18.
h3 Rxe1+ 19. Rxe1 Re8 20. Rxe8+ Qxe8 21. Qe3 Qxe3 22. Bxe3 h6 23. Ne6 c6 24. Ne2 Kf7 25.
N6f4 Nxf4 26. Bxf4 Ne4 27. Kf1 g5 28. Be5 Nd2+ 29.
Ke1 Nc4 30. b3 Nxe5 31. dxe5 Ke6 32. f3 Kxe5 33. Kd2 c5 34. Kd3 Ba5 35. g3 b5 36.
f4+ gxf4 37. gxf4+ Kf5 38. Ke3 a6 39. Ng3+ Ke6 40. h4 Bd8 41. h5 Bh4 42. Ne2 Kf5 43. Kf3 d4 44. a4 Be1 45. axb5 axb5 46. Nc1 c4 47. bxc4 bxc4 48. Ne2 d3 49. Nd4+ Kf6 50. Ke3 d2 51. Ke2 c3 52. Kd1 Bg3 53. Ne2 Be1 54.
Nxc3 Kf5 55. Nd5 Ke4 56. Nf6+ Kxf4 57. Ng8 Kg5 58. Nxh6 Kxh6 59. Ke2 Kxh5 60. Kd1 Kg5 61. Ke2 Kf4 62. Kd1 Kf3 63. Kc2 Ke2 0-1